AoeStats
← KaLong

Lombardia

508370655Analyzed
4v4 RM · 10d ago on Sep 22, 2026· 52m 50s· 8 players
Game mode
Random Map
Map size
Large (8 player)
Population
200
Speed
Normal
Resources
Standard
Victory
Conquest
Starting age
Dark Age
Ending age
Imperial Age
RankedLock teamsTeams togetherTeam positionsShared explorationLock speedFull tech treeHidden civsTurbo modeCheats
Victory
Defeat
🇨🇷 Japanese · Costa Rica
1849
+7
🇨🇷 Tatars · Costa Rica
1743
+11
🇨🇷 Burmese · Costa Rica
1732
+11
🇨🇷 Sicilians · Costa Rica
1677
+13
🇲🇽 Armenians · Mexico
1714
-13
🇺🇸 Mongols · United States
1697
-13
🇭🇰 Bengalis · Hong Kong SAR China
1602
-10
🇺🇸 Khmer · United States
1493
-6
嗚
8:34 Feudal Age
9:05 Loom
9:27 Double-Bit Axe
15:11 Wheelbarrow
15:41 Scale Barding Armor
16:22 Horse Collar
24:27 Castle Age
22:34 Gold Mining
23:00 Stone Mining
25:24 Hand Cart
25:55 Stone Shaft Mining
25:56 Gold Shaft Mining
36:17 Imperial Age
34:03 Fletching
35:09 Bodkin Arrow
37:01 Bracer
37:03 Padded Archer Armor
37:03 Town Watch
38:31 Conscription
39:00 Leather Archer Armor
39:50 Bloodlines
39:41 Husbandry
39:54 Bow Saw
41:14 Parthian Tactics
41:42 Ballistics
43:15 Chemistry
47:20 Thumb Ring
48:09 Elite Mangudai
50:56 Caravan
Morris=w=
8:39 Loom
10:47 Feudal Age
15:04 Castle Age
13:30 Double-Bit Axe
13:57 Fletching
16:05 Bow Saw
16:24 Bodkin Arrow
25:38 Horse Collar
27:41 Ballistics
27:28 Husbandry
27:56 Padded Archer Armor
28:33 Gold Mining
29:11 Bloodlines
29:06 Stone Mining
29:52 Wheelbarrow
34:12 Leather Archer Armor
39:16 Town Watch
40:37 Gold Shaft Mining
40:57 Heavy Plow
41:13 Hand Cart
43:33 Imperial Age
41:07 Heavy Plow
41:40 Paiks
42:57 Scale Barding Armor
43:03 Forging
43:59 Chain Barding Armor
44:24 Hand Cart
43:34 Elite Battle Elephant
44:47 Conscription
46:07 Plate Barding Armor
48:41 Iron Casting
50:24 Coinage
50:39 Crop Rotation
51:36 Mahayana
52:42 Blast Furnace
51:43 Bracer
52:41 Banking
eL|Hooligan
10:13 Feudal Age
8:31 Loom
10:33 Feudal Age
14:39 Castle Age
12:55 Double-Bit Axe
13:07 Horse Collar
18:11 Wheelbarrow
23:52 Bow Saw
23:43 Heavy Plow
24:10 Stone Mining
24:18 Gold Mining
30:23 Imperial Age
28:09 Hand Cart
27:40 Town Watch
27:50 Fletching
28:33 Bodkin Arrow
28:39 Padded Archer Armor
29:07 Ballistics
29:31 Gold Shaft Mining
30:25 Leather Archer Armor
30:15 Squires
31:32 Conscription
32:20 Chemistry
31:22 Bracer
33:06 Ring Archer Armor
31:59 Elite Composite Bowman
33:34 Fereters
33:41 Forging
33:18 Gambesons
34:11 Murder Holes
37:02 Scale Mail Armor
36:24 Man-at-Arms
37:41 Iron Casting
36:52 Arson
38:16 Coinage
37:57 Guilds
39:13 Long Swordsman
39:14 Pikeman
40:24 Masonry
41:00 Two-Handed Swordsman
41:01 Halberdier
41:57 Chain Mail Armor
42:43 Blast Furnace
43:29 Champion
44:23 Cilician Fleet
44:50 Plate Mail Armor
45:49 Banking
45:20 Caravan
46:20 Hoardings
KaLong
6:10 Loom
9:16 Feudal Age
10:47 Double-Bit Axe
15:42 Forging
18:12 Wheelbarrow
18:00 Horse Collar
21:02 Castle Age
19:24 Gold Mining
20:56 Scale Barding Armor
22:01 Bloodlines
21:51 Husbandry
22:16 Chain Barding Armor
26:09 Bow Saw
27:04 Husbandry
30:40 Iron Casting
45:23 Hand Cart
45:45 Gold Shaft Mining
45:04 Stone Mining
49:04 Imperial Age
47:11 Fletching
47:44 Light Cavalry
48:45 Caravan
49:57 Scale Mail Armor
50:34 Plate Barding Armor
50:59 Blast Furnace
51:40 Hussar
CR | NamelessGuy
10:24 Feudal Age
10:51 Horse Collar
12:36 Loom
14:30 Scale Barding Armor
17:04 Wheelbarrow
21:51 Castle Age
21:42 Gold Mining
21:44 Stone Mining
23:18 Chain Barding Armor
22:51 Fletching
23:01 Padded Archer Armor
23:11 Husbandry
23:22 Bloodlines
24:38 Gold Shaft Mining
25:43 Bodkin Arrow
37:28 Imperial Age
34:45 Town Watch
36:55 Forging
37:13 Chain Barding Armor
37:53 Elite Battle Elephant
39:29 Conscription
40:03 Plate Barding Armor
40:07 Howdah
41:23 Iron Casting
47:35 Caravan
49:33 Coinage
50:21 Hand Cart
50:06 Town Patrol
50:09 Heavy Plow
John II
7:22 Loom
9:29 Feudal Age
11:28 Bloodlines
11:10 Loom
11:11 Double-Bit Axe
11:09 Horse Collar
17:25 Forging
21:32 Castle Age
20:19 Fletching
22:15 Elite Skirmisher
22:53 Bodkin Arrow
24:34 Bow Saw
24:35 Gold Mining
24:39 Crossbowman
25:28 Padded Archer Armor
26:41 Ballistics
29:26 Heavy Plow
34:32 Wheelbarrow
33:42 Town Watch
37:02 Imperial Age
36:11 Leather Archer Armor
37:21 Heavy Cavalry Archer
38:02 Bracer
39:09 Chemistry
40:04 Ring Archer Armor
44:53 Coinage
45:54 Hand Cart
46:04 Scale Mail Armor
48:46 Caravan
49:23 Crop Rotation
CR | Harahgon
6:04 Loom
8:35 Feudal Age
11:44 Fletching
18:24 Double-Bit Axe
22:25 Castle Age
21:21 Padded Archer Armor
21:54 Horse Collar
22:04 Gold Mining
23:02 Bodkin Arrow
22:29 Crossbowman
25:55 Leather Archer Armor
26:59 Ballistics
28:06 Bloodlines
29:38 Husbandry
30:53 Wheelbarrow
37:11 Imperial Age
36:05 Bow Saw
36:02 Heavy Plow
37:21 Thumb Ring
37:55 Bracer
39:28 Chemistry
41:48 Heavy Cavalry Archer
50:15 Parthian Tactics
51:40 Hand Cart
51:11 Town Watch
52:18 Squires
CR | Spinetta251
5:54 Loom
8:40 Feudal Age
10:47 Double-Bit Axe
22:08 Castle Age
21:21 Gold Mining
22:03 Bloodlines
23:10 Scale Barding Armor
24:23 Bow Saw
28:03 Horse Collar
29:47 Wheelbarrow
29:44 Forging
35:40 Chain Barding Armor
35:55 Iron Casting
41:56 Imperial Age
40:24 Gold Shaft Mining
40:05 Hand Cart
41:07 Heavy Plow
41:34 Husbandry
42:23 Cavalier
44:19 Blast Furnace
43:56 Crop Rotation
45:43 Plate Barding Armor
44:32 Light Cavalry
45:36 Stone Mining
45:53 Fletching
47:08 Bodkin Arrow
48:16 Chemistry
49:04 Conscription
48:47 Bracer
52:28 Scale Mail Armor
52:29 Padded Archer Armor
53:05 Stone Shaft Mining
Connection lost

Rejoining the realm…

Still unreachable

The connection could not be restored.

Session expired

The server has moved on; the page needs a fresh start.